AoeStats
← Tristamen

Arabia

508157185Analyzed
3v3 RM · 13d ago on Sep 21, 2026· 35m 2s· 6 players
Game mode
Random Map
Map size
Normal (6 player)
Population
200
Speed
Normal
Resources
Standard
Victory
Conquest
Starting age
Dark Age
Ending age
Imperial Age
RankedLock teamsTeams togetherTeam positionsShared explorationLock speedFull tech treeHidden civsTurbo modeCheats
Victory
Defeat
🇨🇳 Saracens · China
1185
+14
🇨🇴 Mongols · Colombia
1169
+15
🇳🇨 Shu · New Caledonia
1147
+16
🇺🇸 Ethiopians · United States
1195
-18
🇺🇸 Gurjaras · United States
1141
-15
🇺🇸 Spanish · United States
1082
-12
SneakyJeff
7:34 Loom
9:55 Feudal Age
10:58 Double-Bit Axe
17:47 Fletching
22:02 Castle Age
20:25 Gold Mining
20:48 Horse Collar
21:50 Padded Archer Armor
23:02 Thumb Ring
22:19 Crossbowman
25:09 Bodkin Arrow
27:58 Wheelbarrow
28:28 Bow Saw
30:25 Town Watch
30:33 Stone Mining
33:29 Leather Archer Armor
35:37 Hand Cart
Tristamen
0:27 Loom
12:47 Feudal Age
15:04 Double-Bit Axe
15:02 Horse Collar
21:30 Fletching
24:33 Castle Age
25:13 Bodkin Arrow
26:57 Bow Saw
31:53 Heavy Plow
mazerr88
11:00 Feudal Age
9:54 Loom
12:01 Double-Bit Axe
18:54 Castle Age
19:08 Horse Collar
19:22 Gold Mining
28:21 Wheelbarrow
33:40 Forging
34:37 Husbandry
samuelgonzdiz1
6:09 Loom
8:29 Feudal Age
9:30 Double-Bit Axe
21:04 Castle Age
18:59 Gold Mining
18:55 Horse Collar
19:43 Scale Barding Armor
21:02 Bloodlines
22:11 Husbandry
22:40 Bow Saw
23:40 Forging
24:30 Heavy Plow
29:31 Gold Shaft Mining
29:38 Wheelbarrow
30:17 Chain Barding Armor
32:38 Iron Casting
wuyu
1:43 Loom
12:01 Feudal Age
17:32 Castle Age
23:00 Double-Bit Axe
22:57 Horse Collar
30:45 Wheelbarrow
32:34 Scale Barding Armor
32:40 Forging
32:25 Gold Mining
34:46 Chain Barding Armor
35:02 Iron Casting
34:40 Bloodlines
34:31 Husbandry
37:39 Imperial Age
35:12 Town Watch
Chill Trip
7:21 Loom
9:37 Feudal Age
10:08 Double-Bit Axe
10:04 Horse Collar
20:40 Castle Age
19:15 Fletching
19:25 Padded Archer Armor
21:56 Bow Saw
21:52 Heavy Plow
21:15 Crossbowman
29:09 Bodkin Arrow
29:29 Leather Archer Armor
32:07 Ballistics
34:51 Thumb Ring
38:09 Imperial Age
Connection lost

Rejoining the realm…

Still unreachable

The connection could not be restored.

Session expired

The server has moved on; the page needs a fresh start.